 Dungeon Crawl Stone Soup version 0.18.1-50-g88ac8fd (webtiles) character file.

467 Chiseanne the Covert (level 6, 0/30 HPs)
             Began as a Spriggan Assassin on Apr 3, 2017.
             Slain by a river rat (6 damage)
             ... in a sewer.
             The game lasted 00:08:06 (3424 turns).

Chiseanne the Covert (Spriggan Assassin)            Turns: 3424, Time: 00:08:07

Health: 0/30       AC:  3    Str:  7    XL:     6   Next: 81%
Magic:  11/11      EV: 17    Int: 12    God:
Gold:   221        SH:  0    Dex: 20    Spells: 0 memorised, 5 levels left

rFire  . . .     SeeInvis +     a - +3 dagger
rCold  . . .     Gourm    .     c - +0 robe
rNeg   . . .     Faith    .     (shield restricted)
rPois  .         Spirit   .     (helmet restricted)
rElec  .         Dismiss  .     d - +0 cloak
rCorr  +         Reflect  .     (gloves unavailable)
SustAt .         Harm     .     (boots unavailable)
MR     +....                    (no amulet)
Stlth  +++++.....               (no ring)
                                m - ring of resist corrosion

@: very quick, somewhat resistant to hostile enchantments, quite stealthy
A: unfitting armour, see invisible, herbivore 3, speed 3, slow metabolism 2
a: no special abilities


You were in a sewer.
You were not hungry.

You visited 1 branch of the dungeon, and saw 5 of its levels.
You also visited: Sewer.

You collected 221 gold pieces.

Inventory:

Hand Weapons
 a - a +3 dagger (weapon)
 w - a +0 blowgun
Missiles
 b - 76 stones (quivered)
 e - 8 poisoned needles
 f - 2 curare-tipped needles
 h - 30 arrows
 k - 39 bolts
 r - 40 sling bullets
Armour
 c - a +0 robe (worn)
 d - a +0 cloak (worn)
Jewellery
 m - a ring of resist corrosion (left hand)
 y - an uncursed amulet of harm
Wands
 j - a wand of confusion (27/48)
Scrolls
 i - 2 scrolls of remove curse
 n - 4 scrolls of teleportation
 t - 3 scrolls of fog
Potions
 l - a potion of haste {unknown}
 p - a potion of brilliance
 q - a potion of invisibility {unknown}
 s - a potion of flight
 v - a potion of heal wounds {unknown}
 z - a potion of curing {unknown}
 A - a potion of lignification
Comestibles
 g - 3 bread rations
 x - 2 fruits


   Skills:
 - Level 1.5 Fighting
 - Level 2.1 Short Blades
 - Level 2.0 Throwing
 - Level 1.5 Dodging
 * Level 10.3 Stealth
 * Level 5.8 Evocations


You had 5 spell levels left.
You didn't know any spells.

Dungeon Overview and Level Annotations

Branches:
Dungeon (5/15)
 Temple: D:4-7

Altars:
Fedhas
Ru
Sif Muna
Yredelemnul

Annotations:
D:3 exclusion: oklob plant
D:4 1 runed door


Innate Abilities, Weirdness & Mutations

You are tiny and cannot use many weapons and most armour.
You have supernaturally acute eyesight.
You are a herbivore.
You cover ground extremely quickly.
You need consume almost no food.


Message History

The river rat twitches its whiskers.
Evoke which item? (* to show all) (? for menu, Esc to quit)
Zapping:
j - a wand of confusion (30/48)
Press: ? - help, Shift-Dir - straight line, f - river rat
Aim: a river rat (lightly wounded, chance to defeat MR: 67%)
The river rat struggles to resist.
This wand has 29 charges left.
The river rat barely misses you.
Evoke which item? (* to show all) (? for menu, Esc to quit)
Zapping:
j - a wand of confusion (29/48)
Press: ? - help, Shift-Dir - straight line, f/p - river rat
Aim: a river rat (lightly wounded, chance to defeat MR: 67%)
The river rat struggles to resist.
This wand has 28 charges left.
The river rat misses you.
Evoke which item? (* to show all) (? for menu, Esc to quit)
Zapping:
j - a wand of confusion (28/48)
Press: ? - help, Shift-Dir - straight line, f/p - river rat
Aim: a river rat (lightly wounded, chance to defeat MR: 67%)
The river rat struggles to resist.
This wand has 27 charges left.
The river rat bites you.
You die...

###
#.#
#r#
#@#
#.#
#r#
#.#
#∩#
#.#
#.#
#r#
#r#


You could see 3 river rats.

Vanquished Creatures
  An ogre (D:4)
  A howler monkey (D:4)
  A giant frog skeleton (D:4)
  An orc wizard (D:4)
  5 worker ants (D:4)
  A hound skeleton (D:4)
  9 adders
  An ooze (D:4)
  A worm (D:3)
  A dart slug (D:1)
  4 giant geckos
  2 orcs (D:3)
  4 giant cockroaches
  8 goblins
  11 hobgoblins
  5 kobolds
  3 quokkas
  5 bats
  6 giant newts
  A jackal zombie (D:4)
  4 rats
75 creatures vanquished.

Notes
Turn   | Place    | Note
--------------------------------------------------------------
     0 | D:1      | Chiseanne the Spriggan Assassin began the quest for the Orb.
     0 | D:1      | Reached XP level 1. HP: 10/10 MP: 2/2
    94 | D:1      | Reached skill level 6 in Stealth
   245 | D:1      | Reached XP level 2. HP: 14/14 MP: 3/3
   657 | D:1      | Reached skill level 7 in Stealth
  1074 | D:2      | Reached XP level 3. HP: 18/18 MP: 4/4
  1147 | D:2      | Reached skill level 1 in Evocations
  1233 | D:2      | Reached skill level 8 in Stealth
  1256 | D:2      | Reached XP level 4. HP: 21/22 MP: 6/6
  1826 | D:3      | Found a sacrificial altar of Ru.
  2252 | D:3      | Found a blossoming altar of Fedhas.
  2274 | D:3      | Noticed an oklob plant
  2481 | D:4      | Found a runed door.
  2481 | D:4      | Noticed a human
  2486 | D:4      | Found a basalt altar of Yredelemnul.
  2509 | D:4      | Noticed an ogre
  2526 | D:4      | Killed an ogre
  2526 | D:4      | Reached skill level 9 in Stealth
  2526 | D:4      | Reached XP level 5. HP: 25/25 MP: 7/9
  2595 | D:4      | Reached XP level 6. HP: 30/30 MP: 10/10
  2944 | D:4      | Reached skill level 5 in Evocations
  3087 | D:4      | Reached skill level 10 in Stealth
  3282 | D:4      | Found a deep blue altar of Sif Muna.
  3363 | D:5      | Entered Level 5 of the Dungeon
  3406 | D:5      | Found a glowing drain.
  3410 | Sewer    | Entered a sewer
  3424 | Sewer    | Slain by a river rat

Skill      XL: |  1  2  3  4  5  6 |
---------------+-------------------+-----
Stealth        | 6 7 8 9 10 | 10.3
Evocations     | 1 4 5 |  5.8
Fighting       | |  1.5
Short Blades   | |  2.1
Throwing       | |  2.0
Dodging        | |  1.5

Action                   |  1- 3 |  4- 6 || total
-------------------------+-------+-------++-------
Melee: Dagger            |    94 |   117 ||   211
Evoke: Wand              |     3 |    20 ||    23
  Use: Scroll            |     4 |    11 ||    15
 Stab: Sleeping          |    15 |    20 ||    35
       Distracted        |     3 |       ||     3
       Confused          |     2 |     6 ||     8
Armor: Robe              |     2 |     8 ||    10
Dodge: Dodged            |    57 |    65 ||   122
